cohdb
Replays
Latest Replays
All Replays
Popular Replays
Top Player Replays
Match Explorer
How It Works
Community
CoH3 Stats
Reddit
Sign in to upload your games and track your stats! →
Sign in with Steam
Match 39057228
Unlisted
Match 39057228
Overview
Messages
Build Orders
End
Panzergrenadier Squad
250 Light Carrier
Panzergrenadier Squad
Construct Light Support Kompanie
MG34 Team
Selects Battlefield Espionage Battlegroup
Selects Sector Subterfuge Beacon
Selects Transfer Depots
Fire Support Elements
Assault Grenadier Squad
Flakvierling Half-track
Pak 38 Anti-tank Gun Team
2.5-tonne Medical Truck
Selects Disruption Operation
Selects 250/3 Funkpanzerwagen
Construct Panzerarmee Kommand
Assault Mechanized Group
Veteran Squad Leaders
Vehicle Survival Package
Walking Stuka Rocket Launcher
Selects Anti-Tank Incendiary Munitions
Selects Operation Skorpion
Armored Reserves
Emergency Repair Kits
Disruption Operation
Walking Stuka Rocket Launcher
Majchel !
Zergvoss
WadoVice
BANDIK N8VI8P
0
0
Comments
sign in to comment!
No comments posted yet!